 Dungeon Crawl Stone Soup version 0.28.0-47-ge53b351184 (webtiles) character file.

Game seed: 4156344310897742833

24316 Bruhh the Thaumaturge (level 13, -25/96 HPs)
             Began as a Djinni Fire Elementalist on Apr 30, 2022.
             Annihilated by a komodo dragon (30 damage)
             ... on level 5 of the Lair of Beasts.
             The game lasted 00:32:43 (17591 turns).

Bruhh the Thaumaturge (Djinni Fire Elementalist)   Turns: 17591, Time: 00:32:44

Health: -25/96     AC:  5    Str:  7    XL:     13   Next: 41%
Gold:   904        EV: 17    Int: 20    God:
                   SH:  0    Dex: 16

rFire   + + +      SeeInvis .     - Blade Hands
rCold   x x .      Faith    .   (shield currently unavailable)
rNeg    . . .      Spirit   .   B - +0 troll leather armour
rPois   ∞          Reflect  .   (no helmet)
rElec   .          Harm     .   (no cloak)
rCorr   .          Rampage  .   (gloves currently unavailable)
Will    +....                   (boots unavailable)
Stlth   ++........              (no amulet)
HPRegen 1.06/turn               A - ring of fire
MPRegen 0.00/turn               l - +4 ring of evasion

@: blade hands, flying, very slightly contaminated
A: flying, sickness immunity, fire resistance 2, cold vulnerability 1, float,
innate caster, HP casting, extra vitality 1
a: End Transformation


You were on level 5 of the Lair of Beasts.
You had blades for hands.
You visited 2 branches of the dungeon, and saw 14 of its levels.

You collected 904 gold pieces.

Inventory:

Hand Weapons
 o - a +1 short sword of speed
 G - a +2 trident of flaming
 K - a +4 scimitar of flaming
Missiles
 J - 12 boomerangs of dispersal
 N - 2 throwing nets
Armour
 a - a +0 robe
 c - a +1 ring mail of cold resistance
 m - the +2 buckler of Irenuef (melded) {rElec rPois}
   (You found it on level 4 of the Dungeon)

   rElec:     It insulates you from electricity.
   rPois:     It protects you from poison.
 B - a +0 troll leather armour (worn)
 L - a +1 robe of resistance
Jewellery
 f - a ring of protection from cold
 l - a +4 ring of evasion (right blade hand)
 A - a ring of fire (left blade hand)
 P - a ring of ice
 R - a +6 ring of intelligence
Wands
 p - a wand of iceblast (14)
 q - a wand of charming (14)
 s - a wand of mindburst (8)
 D - a wand of paralysis (15)
 E - a wand of polymorph (16)
 H - a wand of acid (3)
Scrolls
 d - 3 scrolls of identify
 g - a scroll of brand weapon
 h - a scroll of silence
 j - a scroll of enchant armour
 w - a scroll of holy word
 x - 2 scrolls of teleportation
 y - 4 scrolls of fear
 C - a scroll of vulnerability
 F - a scroll of enchant weapon
 M - 2 scrolls of amnesia
 O - a scroll of fog
 T - a scroll of immolation
 U - a scroll of magic mapping {unknown}
 W - a scroll of summoning {unknown}
Potions
 b - 4 potions of berserk rage
 e - 2 potions of resistance
 i - 4 potions of degeneration {unknown}
 k - a potion of might {unknown}
 n - 3 potions of lignification {unknown}
 r - 2 potions of mutation {unknown}
 t - 2 potions of curing
 u - a potion of brilliance {unknown}
 v - a potion of invisibility {unknown}
 z - a potion of experience {unknown}
 I - 4 potions of haste {unknown}
 Q - 3 potions of flight {unknown}
 S - a potion of heal wounds {unknown}
 V - a potion of magic {unknown}


   Skills:
 - Level 10.0 Fighting
 - Level 10.0 Armour
 - Level 4.3 Dodging
 - Level 3.4 Stealth
 - Level 5.5 Shields
 + Level 11.0 Spellcasting
 + Level 6.1 Evocations


You had 3 spell levels left.
You knew the following spells:

 Your Spells              Type           Power      Damage    Failure   Level
a - Foxfire               Conj/Fire      100%       2x1d9     7%          1
b - Scorch                Fire           100%       2d10      8%          2
c - Conjure Flame         Conj/Fire      70%        6-21      10%         3
d - Inner Flame           Hex/Fire       70%        N/A       10%         3
e - Flame Wave            Conj/Fire      70%        2d13      14%         4
f - Animate Skeleton      Necr           100%       N/A       7%          1
g - Blink                 Tloc           100%       N/A       8%          2
h - Passwall              Tmut/Erth      44%        N/A       8%          2
i - Ignite Poison         Fire/Tmut/Pois 70%        N/A       10%         3
j - Iskenderun's Battles  Conj           53%        2d10      24%         5
k - Blade Hands           Tmut           26%        N/A       24%         5
Your spell library was empty.

Dungeon Overview and Level Annotations

Branches:
Dungeon (9/15)             Temple (0/1) D:7            Lair (5/6) D:8
 Shoals (0/4) Lair:2       Spider (0/4) Lair:3        Slime (0/5) Lair:5
    Orc: D:9-12

Altars:
Dithmenos
Elyvilon
Fedhas
Gozag
Hepliaklqana
Makhleb
Qazlal
Ru
Sif Muna
Uskayaw
Zin
The Shining One

Shops:
D:1 *   D:2 *[

Annotations:
D:8 3 runed translucent doors, spica's ghost, novice HOBe
Lair:3 2 transporters, Hijiripn's ghost, journeyman DECj


Innate Abilities, Weirdness & Mutations

You have blades for hands.
You are flying.
Your spellcasting is less reliable in this form.
You are incapable of wielding weapons or throwing items.
You are immune to sickness and miasma.
You are immune to poison.
Your flesh is very heat resistant. (rF++)
You are vulnerable to cold. (rC-)
You float through the air rather than walking.
You learn spells naturally, not from books.
Your magical power is your life essence.
You have superior vitality. (+4 MHP)


Message History

Your slash misses the komodo dragon.
The komodo dragon is severely wounded.
The komodo dragon barely misses you.
You hit the komodo dragon but do no damage.
The komodo dragon is severely wounded.
The komodo dragon barely misses you.
You're wearing all the rings you can.
Remove which one? (? for menu, Esc to cancel) < or
A - a ring of fire; > or
l - a +4 ring of evasion
Okay, then.
You are too injured to fight recklessly!
You are too injured to fight recklessly!
You are too injured to fight recklessly!
Casting: Blade Hands (dangerous; 24% risk of failure)
Confirm with . or Enter, or press ? or * to list all spells.
You fail to extend your transformation any further.
The komodo dragon bites you!
Casting: Blade Hands (dangerous; 24% risk of failure)
Confirm with . or Enter, or press ? or * to list all spells.
You don't know that spell.
Casting: Blade Hands (dangerous; 24% risk of failure)
Confirm with . or Enter, or press ? or * to list all spells.
You feel a surge of power!
Flames lash the komodo dragon.
The komodo dragon is almost dead.
The komodo dragon's fire resistance burns away.
The komodo dragon bites you!!
* * * LOW HITPOINT WARNING * * *
Casting: Scorch (safe; 8% risk of failure)
Confirm with . or Enter, or press ? or * to list all spells.
You feel a surge of power!
You miscast Scorch.
You are very lightly contaminated with residual magic.
Nothing appears to happen.
* * * LOW HITPOINT WARNING * * *
The komodo dragon completely misses you.
Casting: Scorch (safe; 8% risk of failure)
Confirm with . or Enter, or press ? or * to list all spells.
You feel a surge of power!
You miscast Scorch.
Nothing appears to happen.
* * * LOW HITPOINT WARNING * * *
The komodo dragon bites you!!
You die...

.........#..##..#.#.....
........#..#########....
#.....#.####### .....
##....#.......##..... ##
##...>.......#.....# ...
#..#.P.......#...#. ....
#..####..###.#.....
.....#...# #.#.# #.....
....#..@####.#.###.#....
#...l...<............
###........).......<<
#..................D
............ ........
............. ........
............... ........
............... ........
.?...........#. ..#.....


You could see a komodo dragon (combustible).

Vanquished Creatures
  A boulder beetle (Lair:2)
  3 hydras
  Harold (D:9)
  Fannar (Lair:1)
  Erica (D:9)
  3 death yaks (Lair:4)
  4 black mambas
  13 cane toads
  2 rime drakes
  Psyche (D:9)
  4 komodo dragons
  2 ice devils (Lair:1)
  A troll (D:7)
  2 merfolk (Lair:2)
  A spriggan (Lair:4)
  2 wyverns (Lair:4)
  20 yaks
  4 basilisks
  3 fire bats (D:9)
  A redback (Lair:3)
  14 water moccasins
  2 orc warriors
  2 black bears
  A sky beast (D:5)
  3 wolves (Lair:3)
  5 centaurs
  An ogre (D:2)
  A phantom (D:5)
  13 bullfrogs
  6 scorpions
  A water moccasin skeleton (D:5)
  3 killer bees (D:9)
  4 wights
  2 electric eels
  3 howler monkeys (D:8)
  A centaur zombie (D:8)
  2 bullfrog zombies
  6 hounds
  A bullfrog skeleton (D:5)
  Crazy Yiuf (D:3)
  A centaur skeleton (D:6)
  17 jellies
  5 orc priests
  A gnoll shaman (D:6)
  Terence (D:3)
  5 orc wizards
  Ijyb (D:3)
  2 killer bee zombies (D:8)
  A hound skeleton (D:4)
  A howler monkey zombie (D:9)
  11 gnolls
  9 adders
  A shadow imp (D:6)
  3 white imps
  An ufetubus (D:4)
  2 worms (D:2)
  3 dart slugs
  38 orcs
  14 bats
  3 endoplasms
  5 giant cockroaches
  10 goblins
  14 hobgoblins
  2 jackals (D:3)
  5 ball pythons
  5 frilled lizards
  11 kobolds
  3 rats
317 creatures vanquished.

Vanquished Creatures (others)
  An orc wizard (D:9)
  25 foxfires
  39 fungi
  49 plants
114 creatures vanquished.

Grand Total: 431 creatures vanquished

Notes
Turn   | Place    | Note
-------+----------+-------------------------------------------
     0 | D:1      | Bruhh the Djinni Fire Elementalist began the quest for the
                  | Orb.
     0 | D:1      | Reached XP level 1. HP: 15/15 MP: 0/0
   354 | D:1      | Reached XP level 2. HP: 16/21 MP: 0/0
   546 | D:1      | Found Zyadenwi's Assorted Antiques.
  1123 | D:1      | Found a faded altar of an unknown god.
  1451 | D:2      | Reached XP level 3. HP: 19/25 MP: 0/0
  1451 | D:2      | Learned a level 1 spell: Animate Skeleton
  2135 | D:2      | Reached XP level 4. HP: 23/31 MP: 0/0
  2331 | D:2      | Found a hazy altar of Hepliaklqana.
  2369 | D:2      | Found Todeq's Armour Boutique.
  2518 | D:2      | Reached skill level 3 in Spellcasting
  2945 | D:2      | Found Pilos's General Store.
  2953 | D:2      | Reached XP level 5. HP: 30/35 MP: 0/0
  2953 | D:2      | Learned a level 2 spell: Blink
  3231 | D:3      | Noticed Terence
  3236 | D:3      | Killed Terence
  4242 | D:3      | Noticed an ogre
  4782 | D:2      | Killed an ogre
  4783 | D:2      | Reached XP level 6. HP: 34/40 MP: 0/0
  4915 | D:4      | Identified the +2 buckler of Irenuef {rElec rPois}
  5095 | D:4      | Found a burning altar of Makhleb.
  5099 | D:4      | Reached skill level 4 in Spellcasting
  5166 | D:4      | Reached XP level 7. HP: 29/45 MP: 0/0
  5166 | D:4      | Learned a level 2 spell: Passwall
  5607 | D:3      | Found a runed translucent door.
  5608 | D:3      | Noticed Crazy Yiuf
  5688 | D:3      | Noticed Ijyb
  5693 | D:3      | Killed Ijyb
  5941 | D:3      | Killed Crazy Yiuf
  6101 | D:4      | Found a blossoming altar of Fedhas.
  6103 | D:4      | Reached skill level 5 in Spellcasting
  6267 | D:4      | Found a glowing golden altar of the Shining One.
  6268 | D:4      | Found a glowing silver altar of Zin.
  6268 | D:4      | Found a white marble altar of Elyvilon.
  6542 | D:5      | Entered Level 5 of the Dungeon
  6655 | D:5      | Reached XP level 8. HP: 36/50 MP: 0/0
  6836 | D:5      | Reached skill level 6 in Spellcasting
  7832 | D:6      | Reached skill level 7 in Spellcasting
  8054 | D:6      | Found a sacrificial altar of Ru.
  8470 | D:6      | Reached XP level 9. HP: 13/55 MP: 0/0
  8470 | D:6      | Learned a level 3 spell: Ignite Poison
  9410 | D:7      | Reached skill level 8 in Spellcasting
  9524 | D:7      | Noticed a troll
  9527 | D:7      | Killed a troll
  9685 | D:7      | Found a hide-covered altar of Uskayaw.
  9913 | D:7      | Found a staircase to the Ecumenical Temple.
 10134 | D:8      | Reached skill level 9 in Spellcasting
 10199 | D:8      | Reached XP level 10. HP: 39/60 MP: 0/0
 10200 | D:8      | Found a staircase to the Lair.
 10219 | D:8      | Reached skill level 10 in Spellcasting
 10219 | D:8      | Reached skill level 1 in Fighting
 10219 | D:8      | Reached skill level 1 in Armour
 10290 | D:8      | Noticed a komodo dragon
 10296 | D:8      | Killed a komodo dragon
 10655 | D:8      | Found a runed translucent gate.
 10656 | D:8      | Found a runed translucent gate.
 10657 | D:8      | Found a runed translucent gate.
 10661 | D:8      | Noticed spica's ghost (novice HOBe)
 11041 | D:9      | Noticed Erica
 11045 | D:9      | Paralysed by something for 2 turns
 11172 | D:9      | Paralysed by Erica for 3 turns
 11178 | D:9      | Noticed Psyche
 11179 | D:9      | Killed Erica
 11322 | D:9      | Killed Psyche
 11323 | D:9      | Reached skill level 5 in Fighting
 11489 | D:9      | Found an opulent altar of Gozag.
 11537 | D:9      | Found a shadowy altar of Dithmenos.
 11537 | D:9      | Found a hazy altar of Hepliaklqana.
 11555 | D:9      | Noticed Harold
 11560 | D:9      | Killed Harold
 11561 | D:9      | Reached XP level 11. HP: 64/78 MP: 0/0
 11561 | D:9      | Learned a level 5 spell: Iskenderun's Battlesphere
 11877 | Lair:1   | Entered Level 1 of the Lair of Beasts
 11887 | Lair:1   | Reached skill level 5 in Armour
 12041 | Lair:1   | Noticed a six-headed hydra
 12069 | Lair:1   | Killed a six-headed hydra
 12338 | Lair:1   | Found a frozen archway.
 12530 | Lair:1   | Noticed Fannar
 12537 | Lair:1   | Killed Fannar
 13090 | Lair:1   | Reached XP level 12. HP: 63/91 MP: 0/0
 13338 | Lair:2   | Found a stormy altar of Qazlal.
 13401 | Lair:2   | Noticed a boulder beetle
 13403 | Lair:2   | Reached skill level 10 in Fighting
 13422 | Lair:2   | Killed a boulder beetle
 13736 | Lair:2   | You are sucked into a shaft and drop 2 floors!
 13738 | Lair:4   | Noticed an eight-headed hydra
 13743 | Lair:4   | Killed an eight-headed hydra
 13761 | Lair:4   | Reached skill level 10 in Armour
 13818 | Lair:4   | Reached skill level 1 in Shields
 13818 | Lair:4   | Reached skill level 1 in Evocations
 14043 | Lair:3   | Noticed a six-headed hydra
 14051 | Lair:3   | Killed a six-headed hydra
 15327 | Lair:3   | Found a transporter.
 15362 | Lair:3   | Noticed a spriggan berserker
 15365 | Lair:3   | Noticed Hijiripn's ghost (journeyman DECj)
 15366 | Lair:3   | Noticed a spriggan rider
 15369 | Lair:3   | Noticed a spriggan rider
 15376 | Lair:3   | Found a transporter.
 15455 | Lair:3   | Found a hole to the Spider Nest.
 15523 | Lair:3   | Reached XP level 13. HP: 62/96 MP: 0/0
 15523 | Lair:3   | Learned a level 5 spell: Blade Hands
 16125 | Lair:2   | Found a staircase to the Shoals.
 16775 | Lair:4   | Reached skill level 5 in Shields
 16775 | Lair:4   | Reached skill level 5 in Evocations
 17296 | Lair:5   | Noticed a six-headed hydra
 17325 | Lair:5   | Found a staircase to the Slime Pits.
 17341 | Lair:5   | Reached skill level 11 in Spellcasting
 17591 | Lair:5   | Annihilated by a komodo dragon

Illustrated notes

Levels and vault maps discovered:
D:1:      psy_arrival_statuary, layout_basic,
          hellmonk_ecumenical_altar_leap_of_faith, serial_shops,
          nicolae_shop_advertising_works [nicolae_subvault_shop_adworks]
D:2:      layout_rooms, basic_altar, serial_shops, shop, nicolae_shop_trees
D:3:      cheibrodos_greedy_goblins, layout_loops_ring, minmay_misc_feat_tiny,
          uniq_ijyb, uniq_crazy_yiuf_cottage, uniq_terence
D:4:      layout_cave_pools, good_gods_mini_temple, makhleb_blood_cavern_becter,
          mainiacjoe_overflow_small_starburst
D:5:      layout_basic, minmay_misc_feat_plants
D:6:      layout_layer_cave, nicolae_ru_sacrificial_ziggurat, nrook_mini_vaults
D:7:      layout_cave_pools, nicolae_uskayaw_suspiria, minmay_temple_entry_grid,
          chequers_serial_rivers_small_a
D:8:      layout_basic, due_lair_maze_entry_diamond, gammafunk_ghost_necromancy,
          minmay_unpleasant_kobolds
D:9:      layout_stronghold, chequers_temple_overflow_statue_of_worship,
          hangedman_abyss_or_decor_lesser_grid, st_stairs_14,
          hangedman_incinerator, uniq_erica, uniq_psyche, uniq_harold
Lair:1:   layout_regular_city, portal_ice_cave_demonic_guard,
          grunt_megastairs_5, uniq_fannar
Lair:2:   layout_roguey, elwin_shoals_entry_rooms, lemuel_centaur_altar,
          serial_bayou_shore_b, infiniplex_staircase_pool
Lair:3:   layout_chaotic_city, spider_nest_entry_webs,
          gammafunk_ghost_wrathful_warriors, serial_bayou_pond_e,
          serial_bayou_shore_b, lemuel_fruit_fields
Lair:4:   layout_cave_pods, roderic_batcave, serial_bayou_pond_b,
          grunt_forest_large_clearing_hut
Lair:5:   layout_regular_city, minmay_slime_entry_jelly_boxes,
          grunt_megastairs_3

Skill      XL: |  1  2  3  4  5  6  7  8  9 10 11 12 13 |
---------------+----------------------------------------+-----
Stealth        | 2 3 |  3.4
Dodging        | 3 4 |  4.3
Spellcasting   | 3 4 5 7 9 10 11 | 11.0
Fighting       | 6 9 10 | 10.0
Armour         | 4 7 10 | 10.0
Shields        | 3 5 |  5.5
Evocations     | 4 6 |  6.1

Action                   |  1- 3 |  4- 6 |  7- 9 | 10-12 | 13-15 || total
-------------------------+-------+-------+-------+-------+-------++-------
Melee: Unarmed           |    11 |     3 |       |     9 |    14 ||    37
       Short sword       |       |     1 |    41 |       |       ||    42
       Trident           |       |       |     7 |    61 |     3 ||    71
 Cast: Foxfire           |    14 |     2 |       |       |       ||    16
       Scorch            |    29 |    69 |   156 |   201 |    79 ||   534
       Inner Flame       |       |     7 |     6 |    25 |    16 ||    54
       Conjure Flame     |       |     1 |       |     6 |     2 ||     9
       Flame Wave        |       |       |       |    17 |     1 ||    18
       Iskenderun's Batt |       |       |       |     4 |     1 ||     5
       Blink             |       |       |       |     1 |       ||     1
       Blade Hands       |       |       |       |       |     4 ||     4
       Ignite Poison     |       |       |       |       |     1 ||     1
Evoke: Wand              |       |       |       |     7 |     1 ||     8
  Use: Potion            |       |     2 |     1 |     2 |     2 ||     7
       Scroll            |       |       |       |    12 |     1 ||    13
 Stab: Sleeping          |       |       |     1 |       |       ||     1
Armor: Robe              |     9 |     4 |     1 |       |       ||    14
       Troll leather arm |       |       |     5 |    42 |    13 ||    60
       Skin              |       |       |       |     1 |       ||     1
Dodge: Dodged            |    27 |    27 |    54 |   173 |    54 ||   335
Block: Buckler           |       |     2 |    28 |    68 |    16 ||   114
